 Dungeon Crawl Stone Soup version 0.28-a0-1638-g9123634e07 (webtiles) character file.

Game seed: 13473836409397036260

12 HallandMoats the Skirmisher (level 2, 26/26 HPs)
             Began as a Ghoul Monk on Jan 25, 2022.
             Was a Believer of Sif Muna.
             Safely got out of the dungeon.
             The game lasted 00:01:11 (852 turns).

HallandMoats the Skirmisher (Ghoul Monk)             Turns: 852, Time: 00:01:11

Health: 26/26      AC:  2    Str: 14    XL:     2   Next: 33%
Magic:  1/1        EV: 12    Int:  5    God:    Sif Muna [**....]
Gold:   16         SH:  0    Dex: 11    Spells: 1/1 levels left

rFire   . . .      SeeInvis .   a - +0 spear
rCold   + . .      Faith    .   (no shield)
rNeg    + + +      Spirit   .   b - +0 robe
rPois   ∞          Reflect  .   (no helmet)
rElec   .          Harm     .   (no cloak)
rCorr   .          Rampage  .   (no gloves)
Will    .....                   (no boots)
Stlth   ++........              (no amulet)
HPRegen 0.08/turn               (no ring)
MPRegen 0.07/turn               (no ring)

@: no status effects
A: claws 1, cold resistance 1, negative energy resistance 3, inhibited
regeneration, torment resistance 2
a: Renounce Religion, Channel Magic


You escaped.
You worshipped Sif Muna.
Sif Muna was pleased with you.
You visited 1 branch of the dungeon, and saw 1 of its levels.

You collected 16 gold pieces.

Inventory:

Hand Weapons
 a - a +0 spear (weapon)
Armour
 b - a +0 robe (worn)
Scrolls
 f - 2 scrolls of blinking {unknown}
Potions
 c - a potion of flight {unknown}
 d - a potion of haste {unknown}
 e - a potion of mutation {unknown}


   Skills:
 * Level 3.5 Fighting
 * Level 2.9 Polearms
 + Level 0.4 Armour
 + Level 2.8 Dodging
 - Level 2.1 Stealth
 + Level 0.4 Invocations


You had one spell level left.
You didn't know any spells.
Your spell library was empty.

Dungeon Overview and Level Annotations

Branches:
Dungeon (1/15)

Altars:
Sif Muna


Innate Abilities, Weirdness & Mutations

You thrive by killing the living.
You are immune to poison.
You have sharp fingernails.
Your flesh is cold resistant. (rC+)
You are immune to negative energy. (rN+++)
You do not regenerate when monsters are visible.
You are immune to unholy pain and torment.


Message History

You hit the endoplasm.
You kill the endoplasm!
No target in view!
No target in view!
No target in view!
No target in view!
No target in view!
No target in view!
No target in view!
No target in view!
No target in view!
No target in view!
No target in view!
No target in view!
No target in view!
Found a dagger.
You see here a +0 dagger.
Found a stone staircase leading down.
There is a stone staircase leading down here.
Found a faded altar of an unknown god.
There is a faded altar of an unknown god here.
You now have 16 gold pieces (gained 8).
f - 2 scrolls labelled IGYURU YSUNUL Search for what [? for help]? altar
There is a faded altar of an unknown god here.
You cannot tell which god this altar belongs to.
Convert to them anyway?
Sif Muna accepts your prayer! Sif Muna welcomes you!
You can now call upon Sif Muna for magical energy.
(D) Dungeon
Where to? (Enter - D:1 @ (x,y), ? - help)
What level of the Dungeon? (default 1, ? - help)
You see here a +0 dagger.
There is an open gate here.
There is an open door here.
There is an open door here.
There is an open door here.
There is a staircase leading out of the dungeon here.
Are you sure you want to leave the Dungeon?
This will make you lose the game!
You have escaped!

..........>..P♣P_...#
#.#####.#####...♣...#######
#.# ##.PP.#........
#####.#######.#.#.#######
#...............#.#
#.###.###########.#
#)#...'....♣#.#
#.#...####'##.# #####
#.#.@.#♣♣♣.♣#.# #....
#.########.#...#♣..♣♣#.#
##.## ...........#...#.♣♣♣
#.# #..........#####'#####
#.# ########.#.#.........#
#.# ##
#######.#.#.........# #.#
.. ..........#.........#
#.#
###########.#.#≈.......≈#
#.# ........#
#.#.#≈.≈...≈.≈# #.#


There were no monsters in sight!

Vanquished Creatures
  2 endoplasms (D:1)
  A hobgoblin (D:1)
  2 ball pythons (D:1)
  A bat (D:1)
  A frilled lizard (D:1)
  A goblin (D:1)
  2 kobolds (D:1)
  3 rats (D:1)
13 creatures vanquished.

Notes
Turn   | Place    | Note
-------+----------+-------------------------------------------
     0 | D:1      | HallandMoats the Ghoul Monk began the quest for the Orb.
     0 | D:1      | Reached XP level 1. HP: 19/19 MP: 0/0
   218 | D:1      | Reached XP level 2. HP: 15/26 MP: 1/1
   705 | D:1      | Found a faded altar of an unknown god.
   794 | D:1      | Prayed at the altar of an unknown god.
   794 | D:1      | Became a worshipper of Sif Muna the Loreminder
   794 | D:1      | Reached * piety under Sif Muna
   794 | D:1      | Reached ** piety under Sif Muna
   852 | D:$      | Safely got out of the dungeon.

Illustrated notes

Levels and vault maps discovered:
D:1:      scummos_arrival_gate, layout_basic, ebering_ecumenical_altar_petrified

Action                   || total
-------------------------++-------
Melee: Spear             ||    41
       Punch             ||     1
 Stab: Sleeping          ||     4
Armor: Robe              ||     6
Dodge: Dodged            ||    21

Table legend: (Time is in decaauts)
 A = Elapsed time spent in this place.
 B = Non-inter-level travel time spent in this place.
 C = Inter-level travel time spent in this place.
 D = Time resting spent in this place.
 E = Time spent auto-exploring this place.
 F = Levels seen in this place.
 G = Mean time per level.
                   A        B        C        D        E       F      G
               +--------+--------+--------+--------+--------+-----+--------+
         Total |    850 |    757 |     93 |      0 |    672 |   1 |  850.0 |
       Dungeon |    850 |    757 |     93 |      0 |    672 |   1 |  850.0 |
               +--------+--------+--------+--------+--------+-----+--------+

Top non-repeatable levels by time:
     D:1: 850 daAuts
